 Dungeon Crawl Stone Soup version 0.20.0-15-g7f486f2 (webtiles) character file.

54 robba the Magician (level 3, -4/19 HPs)
             Began as a Deep Elf Earth Elementalist on June 26, 2017.
             Was an Initiate of Yredelemnul.
             Slain by a gnoll
             ... wielding a +0 whip
              (6 damage)
             ... on level 3 of the Dungeon.
             The game lasted 00:15:45 (1977 turns).

robba the Magician (Deep Elf Earth Elementalist)    Turns: 1977, Time: 00:15:48

Health: -4/19      AC:  6    Str:  5    XL:     3   Next: 66%
Magic:  1/10       EV: 12    Int: 20    God:    Yredelemnul [......]
Gold:   114        SH:  0    Dex: 15    Spells: 6/10 levels left

rFire    . . .     SeeInvis .   h - +0 mace
rCold    . . .     Gourm    .   (no shield)
rNeg     . . .     Faith    .   a - +0 leather armour
rPois    .         Spirit   .   (no helmet)
rElec    .         Reflect  .   (no cloak)
rCorr    .         Harm     .   k - +0 pair of gloves
MR       .....                  m - +0 pair of boots
Stlth    ++........             (no amulet)
Regen    0.1/turn               j - +1 ring of protection
MPRegen  0.2/turn               (no ring)

@: very slightly contaminated
A: no striking features
a: Renounce Religion


You were on level 3 of the Dungeon.
You worshipped Yredelemnul.
Yredelemnul was noncommittal.
You were hungry.

You visited 1 branch of the dungeon, and saw 3 of its levels.

You collected 114 gold pieces.

Inventory:

Hand Weapons
 f - a +0 short sword
 h - a +0 mace (weapon)
Missiles
 p - 10 poisoned needles (quivered)
Armour
 a - a +0 leather armour (worn)
 c - a +0 robe
 k - a +0 pair of gloves (worn)
 m - a +0 pair of boots (worn)
Jewellery
 j - a +1 ring of protection (left hand)
Scrolls
 g - 2 scrolls of identify
Books
 e - a book of Geomancy

   Spells                             Type                      Level
   a - Sandblast                      Earth                        1
   b - Passwall                       Transmutation/Earth          2
   c - Stone Arrow                    Conjuration/Earth            3
   d - Petrify                        Transmutation/Earth          4
   e - Lee's Rapid Deconstruction     Earth                        5
Comestibles
 d - 3 bread rations
 l - a fruit
 n - a chunk of flesh
 o - a meat ration


   Skills:
 * Level 0.6 Short Blades
 + Level 2.6 Dodging
 + Level 2.4 Stealth
 + Level 4.4 Spellcasting
   Level 1.1 Transmutations
 + Level 4.1 Earth Magic


You had 6 spell levels left.
You knew the following spells:

 Your Spells              Type           Power        Failure   Level  Hunger
a - Sandblast             Erth           ###...       3%          1    None
b - Stone Arrow           Conj/Erth      ##....       26%         3    ###....


Dungeon Overview and Level Annotations

Branches:
Dungeon (3/15)

Altars:
Elyvilon
Yredelemnul

Annotations:
D:3 Exporg's ghost, amateur MiFi


Message History

The stone arrow hits the gnoll.
The gnoll is almost dead.
You are feeling hungry.
Casting: Stone Arrow
Confirm with . or Enter, or press ? or * to list all spells.
Aiming: Stone Arrow
Press: ? - help, Shift-Dir - straight line, f - gnoll, p - gnoll
Aim: a gnoll, wielding a whip The stone arrow hits the gnoll.
The gnoll is almost dead.
The gnoll hits you from afar with a spear.
The gnoll hits you with a whip.
* * * LOW HITPOINT WARNING * * *
You hit the gnoll but do no damage.
The gnoll is almost dead.
The gnoll hits you from afar with a spear.
* * * LOW HITPOINT WARNING * * *
The gnoll hits you with a whip.
You die...
Your body rises from the dead as a mindless zombie.

#............[#.......#
#######.#.##.##########
#.#...... #.########
#.# #.# #.# #.# #@#
.......g# #######g# #.#
#.. ###


You could see 2 gnolls.

Vanquished Creatures
  An adder (D:3)
  An ooze (D:1)
  A worm (D:2)
  2 dart slugs (D:2)
  2 leopard geckos (D:1)
  A ball python (D:2)
  3 giant cockroaches
  A goblin (D:1)
  2 hobgoblins
  3 quokkas
  3 bats
  A frilled lizard (D:2)
  9 kobolds
  4 rats
34 creatures vanquished.

Notes
Turn   | Place    | Note
-------+----------+-------------------------------------------
     0 | D:1      | robba the Deep Elf Earth Elementalist began the quest for the Orb.
     0 | D:1      | Reached XP level 1. HP: 10/10 MP: 6/6
   173 | D:1      | Reached XP level 2. HP: 15/15 MP: 5/8
   955 | D:2      | Found a white marble altar of Elyvilon.
  1012 | D:2      | Reached XP level 3. HP: 19/19 MP: 5/10
  1017 | D:2      | Learned a level 3 spell: Stone Arrow
  1502 | D:2      | Found a basalt altar of Yredelemnul.
  1649 | D:2      | Became a worshipper of Yredelemnul the Dark
  1813 | D:3      | Noticed Exporg's ghost (amateur MiFi)
  1977 | D:3      | Slain by a gnoll

Skill      XL: |  1  2  3 |
---------------+----------+-----
Earth Magic    | 4 |  4.1
Spellcasting   | 4 |  4.4
Short Blades   | |  0.6
Dodging        | |  2.6
Stealth        | |  2.4
Transmutations | |  1.1

Action                   || total
-------------------------++-------
Melee: Short sword       ||    43
       Mace              ||     1
 Cast: Sandblast         ||    37
       Stone Arrow       ||     6
  Use: Potion            ||     3
       Scroll            ||     5
  Eat: Chunk             ||     3
Armor: Robe              ||    12
Dodge: Dodged            ||    52
